 Dungeon Crawl Stone Soup version 0.30.0-29-ga12c61a403 (webtiles) character file.

Game seed: 8944838238749493510

416 croobank the Firebug (level 6, -6/47 HPs)
             Began as a Demonspawn Fire Elementalist on June 21, 2023.
             Was a Plaything of Xom.
             Mangled by an orc
             ... wielding a +1 flail of holy wrath
              (9 damage)
             ... on level 4 of the Dungeon.
             The game lasted 00:13:16 (3562 turns).

croobank the Firebug (Demonspawn Fire Elementalist) Turns: 3562, Time: 00:13:17

Health: -6/47      AC:  4    Str:  5 (8)  XL:     6   Next: 60%
Magic:  0/10       EV: 12    Int: 17 (18) God:    Xom [.*....]
Gold:   137        SH:  0    Dex: 12 (14) Spells: 4/11 levels left

rFire   . . .        q - +2 quarterstaff of Flawed Execution {vamp, Will+}
rCold   . . .        (shield currently unavailable)
rNeg    . . .        a - +0 robe
rPois   .            i - +0 helmet
rElec   .            (no cloak)
rCorr   .            y - +0 pair of gloves
SInv    .            (no boots)
Will    +....        (no amulet)
Stlth   ++           (no ring)
HPRegen 0.27/turn    (no ring)
MPRegen 0.12/turn

%: no passive effects
@: about to teleport
A: ignite blood 1, weakness stinger 2
a: Renounce Religion


You were on level 4 of the Dungeon.
You worshipped Xom.
You were a plaything of Xom.
You visited 1 branch of the dungeon, and saw 4 of its levels.

You collected 137 gold pieces.

Inventory:

Hand Weapons
 e - a +0 dagger
 f - a +0 spear
 k - a +0 short sword
 l - a +1 short sword of distortion
 q - the +2 quarterstaff of Flawed Execution (weapon) {vamp, Will+}
   (You found it on level 2 of the Dungeon)

   Will:      It increases your willpower.
 u - a +0 long sword
Missiles
 d - 2 silver javelins
 n - 6 poisoned darts
 v - a throwing net
Armour
 a - a +0 robe (worn)
 i - a +0 helmet (worn)
 p - a +0 ring mail
 y - a +0 pair of gloves (worn)
Magical Staves
 b - a staff of cold
Jewellery
 m - a ring of see invisible
Wands
 g - a wand of digging (6)
Scrolls
 c - 3 scrolls of identify
 h - a scroll of blinking
Potions
 j - 3 potions of curing
 s - a potion of heal wounds
 x - 2 potions of might
 z - a potion of lignification


   Skills:
 * Level 3.1 Fighting
 + Level 3.0 Dodging
 + Level 3.0 Stealth
 + Level 3.1 Spellcasting
 + Level 2.6 Conjurations
 + Level 3.5 Fire Magic


You had 4 spell levels left.
You knew the following spells:

 Your Spells              Type           Power      Damage    Failure   Level
a - Foxfire               Conj/Fire      52%        2x1d6     4%          1
b - Scorch                Fire           28%        2d6       6%          2
c - Flame Wave            Conj/Fire      13%        2d6       43%         4

Your spell library contained the following spells:

 Spells                   Type           Power      Damage    Failure   Level
 Inner Flame              Hex/Fire       8%         N/A       26%         3
 Volatile Blastmotes      Fire/Tloc      16%        2d11      26%         3
 Conjure Ball Lightning   Conj/Air       3%         3x3d6     100%        6
 Discord                  Hex            1%         N/A       100%        8
 Disjunction              Tloc           1%         N/A       100%        8


Dungeon Overview and Level Annotations

Branches:
Dungeon (4/15)
 Temple: D:4-7

Altars:
Xom


Innate Abilities, Weirdness & Mutations

Your demonic aura sometimes causes spilled blood to erupt in flames.
You have a tail ending in a sharp stinger.


Message History

You hit the river rat.
The river rat is almost dead.
The river rat bites you.
You hit the river rat.
You feel better.
You kill the river rat!
The orc returns to its original shape as it dies.
You feel your intelligence returning.
You sock the orc!
You kill the orc!
You hit the orc.
The orc is heavily wounded.
The orc misses you.
You barely miss the orc.
The orc is almost dead.
The orc hits you with a +1 flail of holy wrath.
You convulse.
The orc hits you with a +0 short sword.
Casting: Foxfire (safe; 4% risk of failure)
Confirm with . or Enter, or press ? or * to list all spells.
You conjure some foxfire!
The orc closely misses you. The orc hits you but does no damage.
You hit the orc but do no damage.
The orc is heavily wounded.
The foxfire hits the orc.
The orc is heavily wounded.
The foxfire hits the orc but does no damage.
The orc is heavily wounded.
The orc hits you with a +1 flail of holy wrath.
You convulse.
* * * LOW HITPOINT WARNING * * *
The orc hits you with a +0 short sword.
* * * LOW HITPOINT WARNING * * *
As you read the scroll of teleportation, it crumbles to dust.
You feel strangely unstable. The orc closely misses you.
The orc hits you with a +0 short sword.
* * * LOW HITPOINT WARNING * * *
The orc attacks as you move away!
The orc hits you with a +1 flail of holy wrath.
* * * LOW HITPOINT WARNING * * *
You convulse!
You die...

***,,***+#.....#***,,,,,
*,,,,,,,,#.....#,,*,,,,,
#.....,,,#.....+,<*,,,,,
#....#####.....#,,*,,,,,
#....#.........#,,*,,,,,
#....#.........#,,',,,,,
#...o#.........#,,*,,,,,
#...o#.........#..#.....
#..oo#.@..######..#.....
#....#○o..#....'..#.....
#....)o...#....#..#.....
#....#....'....#..#.....
#....#....#...##..#.....
#....#....######..#.....
#....#....#...##..'.....
#....#....'.......#.....
#....#....#.......#.....


You could see 2 orcs.

Vanquished Creatures
  2 ogres (D:4)
  A scorpion (D:4)
  Natasha (twice) (D:4)
  4 adders
  A river rat (D:4)
  An ufetubus (D:3)
  A worm (D:2)
  2 dart slugs
  12 orcs
  4 endoplasms
  3 giant cockroaches
  7 hobgoblins
  3 jackals (D:3)
  2 quokkas
  8 ball pythons
  6 bats
  5 frilled lizards
  6 goblins
  7 kobolds
77 creatures vanquished.

Vanquished Creatures (others)
  72 foxfires
72 creatures vanquished.

Grand Total: 149 creatures vanquished

Notes
Turn   | Place    | Note
-------+----------+-------------------------------------------
     0 | D:1      | croobank the Demonspawn Fire Elementalist began the quest
                  | for the Orb.
     0 | D:1      | Reached XP level 1. HP: 13/13 MP: 3/3
   283 | D:1      | Gained mutation: You have a small tail. [demonic ancestry]
   283 | D:1      | Reached XP level 2. HP: 17/19 MP: 0/5
   336 | D:1      | Learned a level 2 spell: Scorch
  1382 | D:2      | Found a faded altar of an unknown god.
  1402 | D:2      | Gained mutation: You have a tail ending in a sharp stinger.
                  | [demonic ancestry]
  1402 | D:2      | Reached XP level 3. HP: 20/25 MP: 1/6
  1512 | D:2      | Identified the +2 quarterstaff of Flawed Execution {vamp,
                  | Will+}
  1588 | D:2      | Reached skill level 1 in Fighting
  1763 | D:2      | Prayed at the altar of an unknown god.
  1763 | D:2      | Became a worshipper of Xom the Random
  1901 | D:2      | Reached XP level 4. HP: 32/32 MP: 7/7
  1911 | D:2      | Learned a level 4 spell: Flame Wave
  1969 | D:2      | XOM: silly message
  2287 | D:3      | XOM: divination: magic mapping
  2504 | D:3      | XOM: silly message
  2673 | D:3      | XOM: potion effect (curing)
  2728 | D:3      | XOM: silly message
  2959 | D:4      | XOM: silly message
  2987 | D:4      | Noticed Natasha
  2999 | D:4      | Killed Natasha
  3011 | D:4      | Noticed a scorpion
  3018 | D:4      | Killed a scorpion
  3019 | D:4      | Gained mutation: Your demonic aura sometimes causes spilled
                  | blood to erupt in flames. [demonic ancestry]
  3019 | D:4      | Reached XP level 5. HP: 23/38 MP: 1/9
  3118 | D:4      | XOM: silly message
  3128 | D:4      | XOM: silly message
  3138 | D:4      | Noticed Natasha
  3145 | D:4      | Killed Natasha
  3234 | D:4      | Noticed an ogre
  3240 | D:4      | XOM: cleaving
  3242 | D:4      | Killed an ogre
  3243 | D:4      | Reached XP level 6. HP: 24/46 MP: 0/10
  3245 | D:4      | XOM: summons 3 hostile shadow creatures
  3304 | D:4      | Noticed Eustachio
  3312 | D:4      | Eustachio changed into Eustachio the ogre
  3312 | D:4      | Noticed Eustachio
  3312 | D:4      | XOM: polymorph Eustachio -> Eustachio the ogre
  3318 | D:4      | Killed Eustachio the ogre
  3544 | D:4      | XOM: polymorph orc -> river rat
  3562 | D:4      | Mangled by an orc

Illustrated notes

Levels and vault maps discovered:
D:1:      ebering_trefoil_twist, layout_basic, minmay_misc_feat_plants,
          st_stairs_5
D:2:      layout_basic, basic_altar, basic_ecumenical_altar,
          uniq_crazy_yiuf_cottage
D:3:      layout_loops_cross
D:4:      layout_gridville, uniq_eustachio, uniq_natasha

Skill      XL: |  1  2  3  4  5  6 |
---------------+-------------------+-----
Stealth        | 2 3 |  3.0
Dodging        | 2 3 |  3.0
Fire Magic     | 3 |  3.5
Fighting       | 1 2 3 |  3.1
Conjurations   | 2 |  2.6
Spellcasting   | 3 |  3.1

Action                     |  1- 3 |  4- 6 || total
---------------------------+-------+-------++-------
  Melee: Dagger            |    17 |       ||    17
         Tailslap          |     5 |     9 ||    14
         Quarterstaff      |    22 |   105 ||   127
   Cast: Foxfire           |    32 |     9 ||    41
         Scorch            |     6 |    23 ||    29
    Use: Potion            |       |     4 ||     4
         Scroll            |       |     9 ||     9
   Stab: Sleeping          |     2 |     6 ||     8
 Armour: Robe              |    17 |    44 ||    61
  Dodge: Dodged            |    26 |   118 ||   144
